 Dungeon Crawl Stone Soup version 0.17.0-15-g6d90897 (webtiles) character file.

452 inmateoo the Insei (level 6, 0/51 HPs)
             Began as a Draconian Transmuter on Nov 10, 2015.
             Killed by divine providence
             ... invoked by an orc priest
              (10 damage)
             ... on level 5 of the Dungeon.
             The game lasted 00:09:15 (5840 turns).

inmateoo the Insei (Draconian Transmuter)           Turns: 5840, Time: 00:09:16

Health: 0/51       AC:  9    Str: 13    XL:     6   Next: 75%
Magic:  10/10      EV: 13    Int: 13    God:
Gold:   123        SH:  0    Dex: 13    Spells: 3 memorised, 5 levels left

rFire  . . .     SeeInvis .       - Unarmed
rCold  . . .     Clarity  .     (armour unavailable)
rNeg   . . .     SustAt   .     (no shield)
rPois  .         Gourm    .     (helmet restricted)
rElec  .         Spirit   .     e - +0 cloak
rCorr  .         Warding  .     (no gloves)
rMut   .         Stasis   .     q - +1 pair of boots
MR     .....                    (no amulet)
Stlth  +.........               (no ring)
                                (no ring)

@: not resistant to hostile enchantments, very unstealthy
A: unfitting armour, cold-blooded, AC +6
a: no special abilities


You were on level 5 of the Dungeon.
You were not hungry.

You visited 1 branch of the dungeon, and saw 5 of its levels.

You collected 240 gold pieces.
You spent 117 gold pieces at shops.

Inventory:

Hand Weapons
 k - a +1 blowgun
Missiles
 a - 12 arrows
 o - 16 poisoned needles
Armour
 e - a +0 cloak (worn)
 q - a +1 pair of boots (worn)
Wands
 p - a wand of magic darts (22)
 t - a wand of random effects (29)
Scrolls
 f - 2 scrolls of amnesia
 l - 2 scrolls of remove curse
 v - 2 scrolls of magic mapping
Potions
 d - a potion of haste
 g - 4 potions of heal wounds
 j - a potion of lignification {unknown}
 n - a potion of curing
 w - 2 potions of brilliance
Books
 b - a book of Changes

   Spells                             Type                      Level
   a - Beastly Appendage              Transmutation                1
   b - Sticks to Snakes               Transmutation                2
   c - Spider Form                    Transmutation/Poison         3
   d - Ice Form                       Ice/Transmutation            4
   e - Blade Hands                    Transmutation                5
Comestibles
 c - 2 bread rations
 i - 6 fruits
 m - a slice of pizza
 r - 2 meat rations
 s - a chunk of flesh


   Skills:
 + Level 3.1 Fighting
 + Level 2.9 Dodging
 * Level 5.1 Unarmed Combat
 + Level 3.2 Spellcasting
 + Level 3.6 Transmutations


You had 5 spell levels left.
You knew the following spells:

 Your Spells              Type           Power        Failure   Level  Hunger
a - Beastly Appendage     Trmt           ##....       8%          1    #......
b - Sticks to Snakes      Trmt           ##........   10%         2    ##.....
c - Spider Form           Trmt/Pois      #.........   34%         3    ###....


Dungeon Overview and Level Annotations

Branches:
Dungeon (5/15)
 Temple: D:4-7

Altars:
Elyvilon
Gozag
Okawaru

Shops:
D:5 [


Innate Abilities, Weirdness & Mutations

Your plain brown scales are hard (AC +6).
Your body does not fit into most forms of armour.
You are cold-blooded and may be slowed by cold attacks.


Message History

Something hits you but does no damage.
You're too confused to move!
You feel less invigorated.
You feel less confused. Something hits you.
Something hits you but does no damage. Something hits you but does no damage.
You hear some strange, mumbled words.
A puff of flame appears from out of thin air!
The puff of flame hits you!
The orc priest invokes the aid of Beogh against you.
Something smites you!
* * * LOW HITPOINT WARNING * * *
A puff of flame appears from out of thin air!
The puff of flame hits you!
* * * LOW HITPOINT WARNING * * *
A magic dart appears from out of thin air!
The magic dart hits you!
The orc priest calls down the wrath of Beogh upon you.
Something smites you!
You die...

#### ###
##########..######.###
##olo.{..@.......##...##
##.###########.........<##
#o.# #####.......## ##.##
###......# ##.## #(......
#.l# ##.....# ##o##
#.....# ##.## #....## #..#
##...#


You could see an orc priest, an orc and a giant newt.

Vanquished Creatures
  A phantom (D:4)
  An iguana (D:4)
  An orc wizard (D:3)
  A worker ant (D:4)
  A hound skeleton (D:4)
  6 gnolls
  14 adders
  An ooze (D:1)
  5 giant geckos
  12 orcs
  5 bats
  7 giant cockroaches
  12 goblins
  6 hobgoblins
  4 quokkas
  3 ball pythons
  A giant gecko skeleton (D:4)
  8 giant newts
  12 kobolds
  11 rats
112 creatures vanquished.

Notes
Turn   | Place    | Note
--------------------------------------------------------------
     0 | D:1      | inmateoo the Draconian Transmuter began the quest for the Orb.
     0 | D:1      | Reached XP level 1. HP: 16/16 MP: 3/3
   204 | D:1      | Reached XP level 2. HP: 17/23 MP: 3/5
   985 | D:1      | Reached XP level 3. HP: 21/28 MP: 6/6
  2075 | D:2      | Reached XP level 4. HP: 34/36 MP: 5/7
  2404 | D:2      | Reached skill level 4 in Unarmed Combat
  2868 | D:2      | Reached XP level 5. HP: 19/41 MP: 7/9
  3467 | D:3      | Learned a level 2 spell: Sticks to Snakes
  3471 | D:3      | Learned a level 3 spell: Spider Form
  3482 | D:3      | Found a white marble altar of Elyvilon.
  4023 | D:3      | Found an iron altar of Okawaru.
  4430 | D:3      | Reached XP level 6. HP: 28/49 MP: 10/10
  5078 | D:4      | Reached skill level 5 in Unarmed Combat
  5637 | D:5      | Entered Level 5 of the Dungeon
  5655 | D:5      | Found Moruyz's Antique Armour Shoppe.
  5660 | D:5      | Bought a pair of glowing boots for 117 gold pieces
  5672 | D:5      | Found an opulent altar of Gozag.
  5840 | D:5      | Killed from afar by an orc priest

Action                   |  1- 3 |  4- 6 || total
-------------------------+-------+-------++-------
Melee: Unarmed           |   152 |   326 ||   478
 Cast: Beastly Appendage |     7 |    17 ||    24
       Spider Form       |       |     3 ||     3
  Use: Potion            |     2 |     1 ||     3
       Scroll            |       |     9 ||     9
 Stab: Sleeping          |     2 |     2 ||     4
  Eat: Chunk             |     3 |    14 ||    17
